 Dungeon Crawl Stone Soup version 0.26.1-11-gd32895ea62 (webtiles) character file.

Game seed: 11814821846756316311

223 ubername the Chopper (level 6, -5/52 HPs)
             Began as a Hill Orc Monk on Apr 29, 2021.
             Slain by an orc wizard
             ... wielding a +0 dagger of electrocution
              (8 damage)
             ... on level 3 of the Dungeon.
             The game lasted 00:05:22 (3366 turns).

ubername the Chopper (Hill Orc Monk)                Turns: 3366, Time: 00:05:23

Health: -5/52      AC:  7    Str: 16      XL:     6   Next: 0%
Magic:  6/6        EV:  6    Int:  8 (10) God:
Gold:   149        SH: 12    Dex: 13      Spells: 5/5 levels left

rFire    + . .     SeeInvis .   a - +0 hand axe
rCold    + + .     Faith    .   e - +0 tower shield
rNeg     . . .     Spirit   .   i - +0 scale mail
rPois    .         Reflect  .   (no helmet)
rElec    .         Harm     .   j - scarf {rC+ rF+}
rCorr    .         Rampage  .   k - +0 pair of gloves
Will     +....                  (no boots)
Stlth    ..........             (no amulet)
HPRegen  0.17/turn              (no ring)
MPRegen  0.10/turn              (no ring)

@: no status effects
A: cold resistance 1, strong-willed 1, sense surroundings 1
a: no special abilities


You were on level 3 of the Dungeon.
You visited 1 branch of the dungeon, and saw 3 of its levels.

You collected 149 gold pieces.

Inventory:

Hand Weapons
 a - a +0 hand axe (weapon)
Missiles
 c - 91 stones (quivered)
 f - 24 sling bullets
 l - 8 poisoned darts
Armour
 e - a +0 tower shield (worn)
 i - a +0 scale mail (worn)
 j - a scarf of resistance (worn)
 k - a +0 pair of gloves (worn)
Jewellery
 m - an uncursed ring of protection from fire {unknown}
Potions
 b - a potion of mutation
 g - a potion of haste
 h - a potion of attraction


   Skills:
 + Level 4.1 Fighting
 + Level 5.6 Axes
 + Level 0.5 Throwing
 + Level 2.6 Armour
 + Level 3.1 Dodging
 + Level 1.8 Stealth
 + Level 2.1 Shields


You had 5 spell levels left.
You didn't know any spells.
Your spell library was empty.

Dungeon Overview and Level Annotations

Branches:
Dungeon (3/15)

Altars:
Wu Jian
Xom
Zin


Innate Abilities, Weirdness & Mutations

Your flesh is cold resistant. (rC+)
You are strong-willed. (Will+)
You passively map a small area around you.


Message History

You block the orc wizard's attack.
You closely miss the orc wizard.
The orc wizard hits you but does no damage. x2
You hit the orc wizard.
The orc wizard is moderately wounded.
You block the orc wizard's attack. x2
You feel better.
The orc wizard hits you but does no damage.
You are electrocuted!
* * * LOW HITPOINT WARNING * * *
You hit the orc wizard but do no damage.
The orc wizard is moderately wounded.
You block the orc wizard's attack. x2
Your shield and scale mail prevent you from hitting the orc wizard.
The orc wizard is moderately wounded.
You block the orc wizard's attack.
The orc wizard hits you with a +0 dagger of electrocution.
* * * LOW HITPOINT WARNING * * *
You are electrocuted!
You die...

....#.#.# ..#.#.#.# *
#.#.#.#.# , #.#.#.#.#
#.#.#.#.# #.#.#.#.####
#.#........#
.......#.#.#########
#.###.##.#......@oo# * 8
,
#........#.#######o.....
#####)####.# ..... ##
#.# #.# ....,,,
8####.####.# 8### ,
##.........# *** ,
#####.###### , * #####÷#
* , 8##.†.# , *


You could see an orc wizard (fast) and 2 orcs.

Vanquished Creatures
  A scorpion (D:3)
  A hound skeleton (D:3)
  8 adders
  A worm (D:3)
  4 dart slugs
  A leopard gecko (D:1)
  2 orcs (D:3)
  3 giant cockroaches
  2 goblins
  11 hobgoblins
  11 jackals (D:3)
  4 kobolds
  2 quokkas (D:3)
  9 bats
  3 frilled lizards
  10 rats
73 creatures vanquished.

Vanquished Creatures (others)
  A leopard gecko (D:2)
  A rat (D:2)
2 creatures vanquished.

Grand Total: 75 creatures vanquished

Notes
Turn   | Place    | Note
-------+----------+-------------------------------------------
     0 | D:1      | ubername the Hill Orc Monk began the quest for the Orb.
     0 | D:1      | Reached XP level 1. HP: 19/19 MP: 1/1
   439 | D:1      | Reached XP level 2. HP: 27/27 MP: 2/2
   942 | D:1      | Reached XP level 3. HP: 33/33 MP: 3/3
  1128 | D:2      | Reached skill level 1 in Armour
  1147 | D:2      | Gained mutation: You passively map a small area around you.
                  | [potion of mutation]
  1147 | D:2      | Gained mutation: Your flesh is cold resistant. (rC+)
                  | [potion of mutation]
  1147 | D:2      | Gained mutation: You are strong-willed. (Will+) [potion of
                  | mutation]
  1324 | D:2      | Reached XP level 4. HP: 39/40 MP: 4/4
  1487 | D:2      | Found a shimmering altar of Xom.
  1487 | D:2      | Found a glowing silver altar of Zin.
  1487 | D:2      | Noticed an angel
  1918 | D:2      | Reached skill level 5 in Axes
  2322 | D:3      | Reached skill level 1 in Shields
  2476 | D:3      | Reached XP level 5. HP: 42/46 MP: 5/5
  3140 | D:3      | Found an ornate altar of the Wu Jian Council.
  3356 | D:3      | Reached XP level 6. HP: 43/52 MP: 6/6
  3366 | D:3      | Slain by an orc wizard

Illustrated notes

Levels and vault maps discovered:
D:1:      dpeg_arrival_stonehenge_8_columns, layout_basic,
          chequers_serial_rivers_small_b
D:2:      layout_loops_ring, grunt_temple_overflow_order_and_chaos_1
D:3:      layout_basic, nzn_wu_jian_council_hall, serial_corexii_hall,
          chequers_hall_statues_y, corexii_hall_statues_x,
          corexii_hall_statues_s, corexii_hall_statues_i

Skill      XL: |  1  2  3  4  5 |
---------------+----------------+-----
Armour         | 1 2 |  2.6
Dodging        | 3 |  3.1
Axes           | 5 |  5.6
Shields        | 1 2 |  2.1
Fighting       | 4 |  4.1
Throwing       | |  0.5
Stealth        | |  1.8

Action                   |  1- 3 |  4- 6 || total
-------------------------+-------+-------++-------
Melee: Hand axe          |   111 |   241 ||   352
Throw: Stone             |     3 |     5 ||     8
  Use: Potion            |     5 |     4 ||     9
       Scroll            |     2 |     4 ||     6
 Stab: Sleeping          |     1 |       ||     1
Armor: Robe              |     3 |       ||     3
       Scale mail        |    45 |   124 ||   169
Dodge: Dodged            |    22 |    34 ||    56
Block: Tower shield      |    62 |   164 ||   226
